 Dungeon Crawl Stone Soup version 0.24-a0-498-ge00f04a389 (webtiles) character file.

Game seed: 18250872678729216712

556559 KapersCrawl the Slayer (level 25, -14/343 HPs)
             Began as a Minotaur Berserker on July 12, 2019.
             Was a High Priest of Trog.
             Splashed by an acid blob's acid (15 damage)
             ... created by the Royal Jelly
             ... on level 5 of the Pits of Slime on July 14, 2019.
             The game lasted 04:19:53 (56276 turns).

KapersCrawl the Slayer (Minotaur Berserker)        Turns: 56276, Time: 04:19:54

Health: -14/343    AC: 19    Str: 37    XL:     25   Next: 21%
Magic:  6/8        EV:  2    Int:  4    God:    Trog [*****.]
Gold:   2157       SH: 35    Dex: 14    Spells: 24/24 levels left

rFire    + . .     SeeInvis .   e - +7 broad axe (antimagic)
rCold    + + .     Gourm    .   N - +2 large shield {AC+3}
rNeg     + + +     Faith    .   (armour currently unavailable)
rPois    +         Spirit   .   (helmet currently unavailable)
rElec    .         Reflect  +   (cloak currently unavailable)
rCorr    .         Harm     .   (gloves currently unavailable)
MR       +....     NoTele   +   (boots currently unavailable)
Stlth    ++........             A - +5 amulet of reflection
HPRegen  0.67/turn              y - ring "Buahapni" {-Tele rF+ rC+ Str+4 Dex+3}
MPRegen  0.11/turn              m - ring "Myamuvae" {+Inv rC+ rN+ Stlth+}

@: tree-form, corroded, very slightly contaminated, invisible
A: (retaliatory headbutt), deterioration 1, frail 1, low mp 1, subdued magic 1
}: 3/15 runes: decaying, serpentine, abyssal
a: Berserk, Trog's Hand, Brothers in Arms, Renounce Religion


You were on level 5 of the Pits of Slime.
You worshipped Trog.
Trog was extremely pleased with you.
You were very hungry.
You were a tree.
You visited 9 branches of the dungeon, and saw 47 of its levels.
You visited the Abyss 1 time.
You also visited: Trove, Bailey, Gauntlet and Ice Cave.

You collected 6624 gold pieces.
You spent 4467 gold pieces at shops.

Inventory:

Hand Weapons
 e - a +7 antimagic broad axe (weapon)
Missiles
 D - 75 silver javelins (quivered)
 R - 52 atropa-tipped darts
Armour
 b - the +15 Maxwell's patent armour (melded) {-Cast -Tele rElec MR+ rCorr}
   (You found it in a treasure trove)

   It insulates you from electricity.
   It affects your resistance to hostile enchantments.
   It prevents spellcasting.
   It prevents most forms of teleportation.
   It provides partial protection from all sources of acid and corrosion.
 o - the +2 pair of boots "Hiyskogg" (melded) {rPois Regen+ Dex+2}
   (You found it on level 4 of the Dungeon)

   It affects your dexterity (+2).
   It protects you from poison.
   It increases your rate of regeneration.
 F - a +2 hat of magic resistance (melded)
 N - a +2 large shield of protection (worn)
 S - the +6 plate armour "Feyv" {MR+ Dex+3}
   (You took it off an orc warlord on level 2 of the Vaults)

   It affects your dexterity (+3).
   It affects your resistance to hostile enchantments.
 U - the +1 pair of gloves of the Duke (melded) {rPois rC+ Dex+5}
   (You bought it in a shop on level 2 of the Elven Halls)

   It affects your dexterity (+5).
   It protects you from cold.
   It protects you from poison.
 X - a scarf of resistance (melded)
Jewellery
 m - the ring "Myamuvae" (right branch) {+Inv rC+ rN+ Stlth+}
   (You took it off a deep elf master archer on level 3 of the Elven Halls)

   [ring of protection from cold]

   It protects you from cold.
   It protects you from negative energy.
   It lets you turn invisible.
   It makes you more stealthy.
 y - the ring "Buahapni" (left branch) {-Tele rF+ rC+ Str+4 Dex+3}
   (You found it on level 1 of the Depths)

   [ring of protection from cold]

   It affects your strength (+4).
   It affects your dexterity (+3).
   It protects you from fire.
   It protects you from cold.
   It prevents most forms of teleportation.
 A - a +5 amulet of reflection (around neck)
 I - the ring "Dubo" {Fire Int-2 Dex+5 SInv}
   (You found it on level 4 of the Lair of Beasts)

   [ring of fire]

   It enhances your fire magic.
   It affects your intelligence (-2).
   It affects your dexterity (+5).
   It protects you from fire.
   It makes you vulnerable to cold.
   It lets you see invisible.
Wands
 d - a wand of acid (5)
 h - a wand of digging (4)
 p - a wand of iceblast (96)
 q - a wand of enslavement (16)
 u - a wand of scattershot (14)
 x - a wand of clouds (7)
 B - a wand of paralysis (22)
 O - a wand of disintegration (56)
 V - a wand of flame (41)
Scrolls
 a - 5 scrolls of immolation
 g - 10 scrolls of fog
 i - 26 scrolls of teleportation
 k - 4 scrolls of blinking
 n - a scroll of holy word
 r - 4 scrolls of fear
 H - a scroll of summoning
 L - 5 scrolls of magic mapping
 P - a scroll of silence
Potions
 f - 5 potions of haste
 l - 6 potions of might
 s - 16 potions of curing
 v - 4 potions of resistance
 z - 5 potions of heal wounds
 C - 3 potions of lignification
 G - a potion of cancellation
 J - 8 potions of flight
 K - 3 potions of agility
 Q - a potion of brilliance
 T - 8 potions of mutation
 Y - 5 potions of ambrosia
 Z - 5 potions of invisibility
Miscellaneous
 j - a lamp of fire
 w - a phial of floods
 E - 3 boxes of beasts
Comestibles
 c - 66 rations


   Skills:
 + Level 26.7 Fighting
 - Level 18.2(19.0) Axes
   Level 10.2(15.3) Maces & Flails
   Level 0.2(11.6) Slings
 - Level 15.9(16.0) Throwing
 + Level 20.4 Armour
 + Level 18.4 Dodging
 + Level 23.8 Shields
 - Level 10.7 Evocations


You had 24 spell levels left.
You didn't know any spells.
Your spell library was empty.

Dungeon Overview and Level Annotations

Branches:
Dungeon (15/15)            Temple (0/1) D:5            Lair (6/6) D:10
  Swamp (4/4) Lair:4        Snake (4/4) Lair:4        Slime (5/5) Lair:6
    Orc (2/2) D:9             Elf (3/3) Orc:2        Vaults (4/5) D:13
  Crypt (0/3) Vaults:2     Depths (4/5) D:15

Altars:
Ashenzari
Dithmenos
Elyvilon
Makhleb
Nemelex Xobeh
Okawaru
Qazlal
Vehumet
Beogh
Jiyva

Shops:
D:9 *   D:11 *   D:14 (   Orc:1 :   Orc:2 [(=*   Elf:1 *}   Elf:2 }=}[(%[!
Snake:1 *}   Snake:3 (

Portals:
Hell: Depths:1 Depths:2 Depths:3 Depths:4
Abyss: Depths:4
Pandemonium: Depths:1 Depths:2 Depths:3 Depths:4

Annotations:
D:7 4 runed translucent doors
Lair:2 1 runed translucent door, Romn's ghost, journeyman MfIE
Lair:4 exclusion: 2 oklob plants
Elf:3 1 runed translucent door, iamserjio's ghost, adept OpCK


Innate Abilities, Weirdness & Mutations

((You reflexively headbutt those who attack you in melee.))
((You have a pair of horns on your head.))
Your body sometimes deteriorates upon taking damage.
You are frail. (-10% HP)
Your magical capacity is low. (-10% MP)
((You are occasionally teleported next to monsters.))
Your spells are a little easier to cast, but a little less powerful.


Message History

Okay, then.
Okay, then.
Okay, then.
You fade into invisibility!
You are very lightly contaminated with residual magic.
You are feeling very hungry.
You block the acid blob's attack. The acid blob spits acid at you.
The splash of acid reflects off an invisible shield around you!
The splash of acid hits the acid blob.
The acid blob completely resists.
The acid blob spits acid at you.
The splash of acid reflects off an invisible shield around you!
The splash of acid hits the acid blob.
The acid blob completely resists.
The acid blob spits acid at you. The splash of acid misses you.
The splash of acid hits the acid blob.
The acid blob completely resists.
You block the acid blob's attack. The acid blob spits acid at you.
The splash of acid hits you but does no damage.
The acid corrodes you!
You are splashed with acid!
You die...

##?##..##$###...................#
#/%)#.##([$###...................
%=!##..##$)(##...................
)=[$##.#?})"$##..................
%}$##..##?}$=###.................
?!#|#.##)#?$## #JJJ..............
#####..#########JJJJ.............
...#._..#...#..JJJJ..............
.#........#...##♣JJ..............
#####..########JJJJ..............
(?#|#.##|#"$####................#
[})##..##}|[$##.................#
"))%##.#$|φ=(##.....JJ.........##
()(##..##$)?###.J..............#
#!$!#.##?[[###.................#
##%##..##)##.................#.#
######.#####..................##


You could see 13 acid blobs, 3 azure jellies and 4 death oozes.

Vanquished Creatures
  the Royal Jelly (Slime:5)
  An ancient lich (Abyss:3)
  Sojobo (Depths:2)
  the Lernaean hydra (Swamp:4)
  A caustic shrike (Depths:3)
  2 golden dragons
  4 bone dragons
  The ghost of Piabrimm the Warrior, an adept OgTm of Okawaru (Snake:2)
  A Hell Sentinel (Abyss:1)
  12 liches
  Rupert (D:12)
  3 tentacled monstrosities
  Asterion (Snake:2)
  2 deep elf blademasters (Elf:3)
  7 acid blobs
  A deep elf master archer (Elf:3)
  5 titans (Depths:4)
  7 sphinxes
  3 thorn hunters
  4 tengu reavers
  Kirke (D:15)
  6 tentacled starspawn
  2 shadow dragons
  2 draconian monks (Depths:2)
  7 storm dragons
  Donald (Elf:3)
  An azure jelly (Slime:4)
  10 nagarajas
  A revenant (Abyss:3)
  12 fire giants
  4 frost giants
  4 vault wardens
  3 orc warlords
  4 deep elf sorcerers
  A curse skull (Vaults:2)
  Aizul (Snake:1)
  A draconian annihilator (Depths:2)
  A draconian scorcher (Depths:2)
  8 deep elf elementalists (Elf:3)
  14 stone giants
  A draconian stormcaller (Depths:2)
  7 ironheart preservers
  7 very ugly things
  3 spriggan defenders (Depths:3)
  An entropy weaver (Vaults:1)
  2 vampire knights
  11 deep elf demonologists
  The ghost of Gynju the Fighter, a journeyman DrCj of Vehumet (Lair:4)
  The ghost of shruggingcutely the Unseen, a journeyman SpEn of Gozag (D:13)
  An ophan (Abyss:3)
  8 deep elf annihilators
  A lorocyproca (Abyss:2)
  A red draconian (Abyss:3)
  An eidolon (Vaults:2)
  3 deep elf death magi (Elf:3)
  8 ettins
  A blizzard demon (Abyss:3)
  3 merfolk impalers
  6 fire dragons
  4 deep elf high priests
  Josephine (D:11)
  6 yaktaur captains
  11 great orbs of eyes
  13 ice dragons
  25 hydras
  8 rakshasas
  5 vault guards
  A monstrous demonspawn (Depths:2)
  10 naga warriors
  4 shambling mangroves
  3 spriggan air magi
  12 centaur warriors
  2 death knights
  16 ogre magi
  26 two-headed ogres
  15 alligators
  2 ghost crabs (Swamp:2)
  10 anacondas
  21 dancing weapons
  6 deep troll earth magi
  7 deep troll shamans
  An orc high priest (Elf:3)
  3 tengu warriors
  2 vampire magi (Depths:1)
  9 spriggans
  7 thrashing horrors
  17 naga sharpshooters
  6 spriggan berserkers
  2 salamander mystics
  28 deep elf knights
  12 wretched stars
  8 shock serpents
  2 iron trolls
  29 deep trolls
  6 skeletal warriors
  2 spatial maelstroms (Abyss:2)
  4 sixfirhies
  7 hell knights
  An infernal demonspawn (Depths:1)
  A spriggan druid (Swamp:4)
  23 starcursed masses
  2 wizards (Vaults:1)
  A glowing orange brain (Depths:2)
  16 ironbrand convokers
  2 unseen horrors
  11 naga ritualists
  9 swamp dragons
  15 deep elf archers
  A shadow demon (Depths:2)
  3 flayed ghosts
  A torturous demonspawn (Depths:1)
  6 necromancers
  2 mana vipers (shapeshifter)
  A tengu zombie (Vaults:4)
  2 phantasmal warriors (Depths:2)
  A lindwurm (shapeshifter) (Vaults:2)
  22 orc knights
  A harpy (Vaults:1)
  3 lindwurms (Depths:2)
  An orb spider (shapeshifter) (Depths:4)
  39 ugly things
  2 orc sorcerers (Vaults:1)
  A stone giant zombie (Abyss:2)
  10 mana vipers
  A wolf spider (Vaults:3)
  54 deep elf magi
  A manticore (D:13)
  3 worldbinders
  A toenail golem (Abyss:2)
  5 cyclopes
  10 elephants
  A shining eye (Slime:1)
  8 salamanders
  16 vault sentinels
  A stone giant skeleton (Vaults:4)
  A human skeleton (Vaults:4)
  3 centaur zombies
  2 black mambas (shapeshifter)
  Joseph (D:7)
  2 apocalypse crabs (Abyss:2)
  A guardian serpent (shapeshifter) (Elf:2)
  15 naga magi
  36 black mambas
  7 smoke demons
  An ice statue (IceCv)
  2 gargoyles
  A torpor snail (Lair:5)
  5 guardian serpents
  A rust devil (Depths:2)
  A spiny frog (shapeshifter) (Abyss:2)
  An eye of devastation (shapeshifter) (Elf:2)
  18 large abominations
  6 orange demons
  5 centaur skeletons
  2 molten gargoyles (Lair:5)
  38 spiny frogs
  4 rime drakes
  2 efreet
  A hellion (Abyss:3)
  A tormentor (Depths:1)
  A kobold demonologist (D:14)
  A komodo dragon (shapeshifter) (Vaults:1)
  11 komodo dragons
  26 yaktaurs
  2 red devils
  3 tengu conjurers
  4 ancient zymes
  21 freezing wraiths
  2 ice devils (Abyss:3)
  5 hellwings
  A yaktaur skeleton (Vaults:4)
  2 queen bees
  18 hornets
  14 tyrant leeches
  5 raiju
  2 queen bees (shapeshifter)
  9 trolls
  3 meliai (D:14)
  5 hippogriffs
  28 blink frogs
  A raiju (shapeshifter) (Depths:1)
  A hornet (shapeshifter) (D:15)
  An ettin zombie (Abyss:3)
  94 slime creatures
  16 bog bodies
  A stone giant simulacrum (Vaults:4)
  2 shadows
  A redback (Vaults:1)
  2 spriggans (shapeshifter)
  An air elemental (Elf:2)
  47 yaks
  15 water elementals
  A tarantella (Vaults:1)
  A yak (shapeshifter) (D:13)
  4 basilisks
  8 wraiths
  11 ynoxinuls
  An ice dragon skeleton (Abyss:1)
  5 fire bats (Abyss:3)
  4 golden eyes
  5 hogs (D:15)
  A human (shapeshifter) (Abyss:2)
  3 wyverns
  2 fire elementals
  3 hungry ghosts
  7 neqoxecs
  A yaktaur simulacrum (Vaults:2)
  2 human simulacra
  12 chaos spawn
  3 death yak simulacra
  24 vampire mosquitoes
  16 swamp worms
  Edmund (D:5)
  4 spatial vortices
  9 wargs
  51 nagas
  3 soldier ants (shapeshifter)
  2 acid dragons
  17 insubstantial wisps
  2 soldier ants
  A porcupine (shapeshifter) (Depths:2)
  21 swamp drakes
  17 water moccasins
  11 porcupines
  7 ice beasts
  5 sky beasts
  63 orc warriors
  An eye of draining (shapeshifter) (Vaults:2)
  A necrophage (D:12)
  2 phantoms
  A black bear (D:9)
  A snapping turtle zombie (Abyss:2)
  2 black mamba simulacra (Lair:4)
  13 boggarts
  6 eyes of draining
  An alligator simulacrum (IceCv)
  3 wolves (Lair:1)
  49 ogres
  An elf skeleton (Vaults:4)
  10 crocodiles
  21 centaurs
  2 big kobolds
  Blork the orc (D:4)
  2 human zombies (Vaults:4)
  3 wyvern zombies
  An earth elemental (Elf:2)
  25 bullfrogs
  A gnoll sergeant (Orc:2)
  5 scorpions
  45 killer bees
  22 small abominations
  A swamp dragon simulacrum (IceCv)
  5 wights (D:14)
  2 dream sheep simulacra (Lair:4)
  3 electric eels
  2 howler monkeys
  7 crimson imps
  7 quasits
  4 komodo dragon simulacra (Lair:4)
  5 lava snakes (Lair:5)
  2 draconian simulacra (IceCv)
  2 bullfrog zombies
  10 jellies
  40 orc priests
  A hound (shapeshifter) (Elf:3)
  10 hounds
  38 orc wizards
  8 iron imps
  2 iguanas
  10 worker ants
  A spriggan simulacrum (IceCv)
  8 troll simulacra (IceCv)
  3 centaur simulacra
  A hound skeleton (D:4)
  7 gnolls
  2 ogre simulacra (IceCv)
  17 adders
  5 naga simulacra (IceCv)
  7 shadow imps
  17 white imps
  6 ufetubi
  An adder zombie (D:9)
  An adder skeleton (D:4)
  3 worms
  2 dart slugs
  2 leopard geckos
  130 orcs
  3 bats
  9 giant cockroaches
  9 goblins
  6 hobgoblins
  4 jackals
  17 kobolds
  6 quokkas
  2 ball pythons
  5 frilled lizards
  A jackal skeleton (D:4)
  A leopard gecko skeleton (D:6)
  A quokka skeleton (D:5)
  5 rats
  7 fungi
  A lurking horror (Abyss:2)
  5 plants
  A starspawn tentacle (Abyss:2)
2345 creatures vanquished.

Vanquished Creatures (collateral kills)
  Mennas (Depths:4)
  Saint Roka (Snake:2)
  Vashnia (Snake:2)
  A golden dragon (Depths:3)
  The ghost of Peloso the Hoplite, an adept MiFi of Okawaru (Vaults:2)
  A tentacled monstrosity (Swamp:2)
  A titan (Depths:3)
  An acid blob (Slime:1)
  An Executioner (Abyss:3)
  A storm dragon (Vaults:4)
  A thorn hunter (Swamp:4)
  Agnes (D:14)
  2 nagarajas (Snake:4)
  Roxanne (Snake:2)
  2 frost giants
  2 orc warlords
  2 stone giants
  A vampire knight (Depths:4)
  An ettin (Vaults:2)
  Fannar (Lair:1)
  The ghost of Shaidar the Cleaver, a journeyman HOFi of Okawaru (D:13)
  4 naga warriors (Snake:4)
  A yaktaur captain (Vaults:4)
  3 hydras
  Harold (D:10)
  2 ice dragons
  A centaur warrior (Depths:3)
  Nergalle (D:10)
  5 naga sharpshooters
  A salamander mystic (Snake:2)
  A spatial maelstrom (Abyss:3)
  A deep troll (Depths:1)
  3 starcursed masses
  A naga ritualist (Snake:2)
  An orange crystal statue (Gauntlet)
  2 orc sorcerers (Orc:2)
  A deep elf archer (Elf:3)
  An oklob plant (Gauntlet)
  A swamp dragon (Swamp:4)
  A deep elf mage (Elf:3)
  2 cyclopes (Vaults:2)
  4 ugly things (D:15)
  2 naga magi
  3 guardian serpents
  A spiny frog (Lair:1)
  A bog body (Swamp:4)
  5 slime creatures
  A water elemental (Depths:1)
  2 yaks (D:10)
  A warg (Snake:2)
  6 nagas
  A porcupine (Lair:1)
  2 swamp drakes (Swamp:4)
  6 orc warriors
  2 small abominations
  5 boggarts
  2 ogres (Orc:2)
  2 wolves (Lair:1)
  3 killer bees (D:9)
  4 wights (D:8)
  An orc priest (Orc:2)
  A worker ant (D:8)
  An adder (D:10)
  6 orcs
  A plant (Lair:1)
122 creatures vanquished.

Vanquished Creatures (others)
  A deep elf master archer (Elf:3)
  A deep elf sorcerer (Elf:3)
  A deep elf elementalist (Elf:3)
  3 stone giants
  A dancing weapon (Elf:2)
  2 naga sharpshooters (Snake:4)
  An unseen horror (D:13)
  2 deep elf archers
  2 rime drakes (Lair:4)
  2 yaktaurs
  A raiju (Abyss:3)
  4 orc warriors (Bailey)
  A boggart (Depths:3)
  3 centaurs
  6 orcs
  A kobold (D:14)
  2 briar patches (Swamp:4)
  20 fungi
  2 lurking horrors
  44 plants
  15 starspawn tentacles
115 creatures vanquished.

Grand Total: 2582 creatures vanquished

Notes
Turn   | Place    | Note
-------+----------+-------------------------------------------
     0 | D:1      | KapersCrawl the Minotaur Berserker began the quest for the
                  | Orb.
     0 | D:1      | Reached XP level 1. HP: 19/19 MP: 0/0
   265 | D:1      | Upgraded the game from 0.24-a0-493-g7e4ddcd485 to
                  | 0.24-a0-496-gbe733cd003
   282 | D:1      | Reached XP level 2. HP: 14/27 MP: 1/1
   729 | D:1      | Reached skill level 4 in Fighting
  1003 | D:2      | Reached XP level 3. HP: 33/33 MP: 2/2
  1083 | D:2      | Found a shattered altar of Ashenzari.
  1435 | D:2      | Reached ** piety under Trog
  2040 | D:3      | Reached XP level 4. HP: 41/41 MP: 3/3
  2054 | D:3      | Reached skill level 1 in Throwing
  2904 | D:4      | Reached XP level 5. HP: 40/47 MP: 4/4
  3155 | D:4      | Reached skill level 5 in Axes
  3163 | D:4      | Got a pair of translucent boots
  3164 | D:4      | Identified the +2 pair of boots "Hiyskogg" {rPois Regen+
                  | Dex+2} (You found it on level 4 of the Dungeon)
  3204 | D:4      | Reached skill level 5 in Fighting
  3205 | D:4      | Reached *** piety under Trog
  3208 | D:4      | Reached XP level 6. HP: 56/56 MP: 5/5
  3337 | D:4      | Noticed Blork the orc
  3346 | D:4      | Killed Blork the orc
  3401 | D:4      | Reached skill level 1 in Maces & Flails
  3453 | D:4      | Reached XP level 7. HP: 56/62 MP: 6/6
  3820 | D:5      | Entered Level 5 of the Dungeon
  3876 | D:4      | Reached skill level 6 in Fighting
  3966 | D:5      | Found an iron altar of Okawaru.
  3999 | D:5      | Reached skill level 5 in Dodging
  4001 | D:5      | Found a staircase to the Ecumenical Temple.
  4048 | D:5      | Noticed Edmund
  4067 | D:5      | Killed Edmund
  4086 | D:5      | Reached XP level 8. HP: 71/71 MP: 7/7
  4241 | D:5      | Reached **** piety under Trog
  4305 | D:5      | Found a shadowy altar of Dithmenos.
  4502 | D:5      | Reached skill level 7 in Fighting
  4788 | D:6      | Reached skill level 1 in Shields
  4856 | D:6      | Reached skill level 5 in Throwing
  4908 | D:6      | Found a burning altar of Makhleb.
  4908 | D:6      | Noticed a cacodemon
  5028 | D:6      | Found a stormy altar of Qazlal.
  5066 | D:6      | Reached skill level 5 in Maces & Flails
  5123 | D:6      | Found a sparkling altar of Nemelex Xobeh.
  5198 | D:6      | Found a radiant altar of Vehumet.
  5270 | D:6      | Reached XP level 9. HP: 70/81 MP: 8/8
  5432 | D:7      | Noticed Joseph
  5457 | D:7      | Killed Joseph
  5457 | D:7      | Reached skill level 8 in Fighting
  5642 | D:7      | Found a huge runed translucent gate.
  5642 | D:7      | Found a huge runed translucent gate.
  5642 | D:7      | Noticed a polar bear
  5643 | D:7      | Noticed a polar bear
  5643 | D:7      | Found a huge runed translucent gate.
  5643 | D:7      | Noticed a polar bear
  5644 | D:7      | Found a huge runed translucent gate.
  5644 | D:7      | Noticed a polar bear
  5667 | D:7      | Got a coiled golden ring
  5908 | D:7      | Identified the ring of Zedd {MP+9 Dex+4} (You found it on
                  | level 7 of the Dungeon)
  5938 | D:7      | Reached ***** piety under Trog
  6302 | D:8      | Reached skill level 1 in Evocations
  6573 | D:8      | Received a gift from Trog
  6629 | D:8      | Found a white marble altar of Elyvilon.
  6843 | D:8      | Reached skill level 5 in Shields
  6984 | D:9      | Reached skill level 9 in Fighting
  7262 | D:9      | Found Fudeorek's General Store.
  7297 | D:9      | Reached XP level 10. HP: 91/91 MP: 10/10
  7442 | D:9      | Bought a scroll of teleportation for 39 gold pieces
  7442 | D:9      | Bought a scroll of identify for 26 gold pieces
  7837 | D:9      | Received a gift from Trog
  7841 | D:9      | Reached skill level 10 in Fighting
  8189 | D:9      | Found a staircase to the Orcish Mines.
  8349 | D:10     | Entered Level 10 of the Dungeon
  8369 | D:10     | Found a staircase to the Lair.
  8402 | D:10     | Noticed Nergalle
  8406 | D:10     | Killed Nergalle
  8463 | D:10     | Received a gift from Trog
  9012 | D:10     | Reached XP level 11. HP: 90/101 MP: 7/13
  9288 | D:10     | Reached skill level 5 in Evocations
  9295 | D:10     | Noticed Harold
  9307 | D:10     | Killed Harold
  9510 | Lair:1   | Entered Level 1 of the Lair of Beasts
  9562 | Lair:1   | Reached skill level 11 in Fighting
 10024 | Lair:1   | Noticed Fannar
 10026 | Lair:1   | Noticed a five-headed hydra
 10030 | Lair:1   | Reached skill level 10 in Maces & Flails
 10051 | Lair:1   | Killed Fannar
 10052 | Lair:1   | Killed a five-headed hydra
 10862 | Lair:2   | Found a runed translucent door.
 10862 | Lair:2   | Identified the cursed +1 trident of Iwnes {vamp, *Drain
                  | rPois rN++ Dex+2}
 10862 | Lair:2   | Noticed a spriggan rider
 10862 | Lair:2   | Noticed Romn's ghost (journeyman MfIE)
 10862 | Lair:2   | Noticed a six-headed hydra
 10875 | Lair:1   | Killed a six-headed hydra
 10937 | Lair:2   | Found a gate leading to a gauntlet.
 10949 | Gauntlet | Entered a Gauntlet
 10949 | Gauntlet | Found a transporter.
 10949 | Gauntlet | Found a transporter.
 10953 | Gauntlet | Found a transporter.
 10953 | Gauntlet | Found a transporter.
 10972 | Gauntlet | Noticed an oklob plant
 10973 | Gauntlet | Found a transporter.
 10986 | Gauntlet | Found a transporter.
 10996 | Gauntlet | Found a transporter.
 10996 | Gauntlet | Found a transporter.
 10996 | Gauntlet | Noticed an orange crystal statue
 10996 | Gauntlet | Noticed an obsidian statue
 11002 | Gauntlet | Found a transporter.
 11020 | Gauntlet | Found a transporter.
 11061 | Gauntlet | Found a transporter.
 11073 | Gauntlet | Gained mutation: You are frail. (-10% HP) [a neqoxec]
 11100 | Gauntlet | Found a transporter.
 11115 | Gauntlet | Found a transporter.
 11115 | Gauntlet | Noticed an oklob plant
 11145 | Gauntlet | Killed an oklob plant
 11145 | Gauntlet | Reached XP level 12. HP: 74/100 MP: 16/16
 11190 | Gauntlet | Noticed a queen ant
 11192 | Gauntlet | Reached skill level 12 in Fighting
 11192 | Gauntlet | Reached skill level 10 in Shields
 11196 | Gauntlet | Got a scintillating pewter ring
 11201 | Gauntlet | Got a fine falchion
 11221 | Gauntlet | Noticed a minotaur
 11229 | Gauntlet | Identified the ring "Ydaludoy" {+Fly rPois rF- Int+3 Dex+4
                  | Slay+3 Stlth+} (You found it in a Gauntlet)
 11468 | Lair:2   | Noticed a six-headed hydra
 11469 | Lair:2   | Killed a six-headed hydra
 12547 | Lair:3   | Noticed an ice dragon
 12555 | Lair:3   | Killed an ice dragon
 13047 | Lair:4   | Found a runed translucent gate.
 13047 | Lair:4   | Found a runed translucent gate.
 13047 | Lair:4   | Found a runed translucent gate.
 13088 | Lair:4   | Noticed Gynju's ghost (journeyman DrCj)
 13136 | Lair:4   | Killed Gynju's ghost
 13136 | Lair:4   | Reached skill level 13 in Fighting
 13145 | Lair:4   | Received a gift from Trog
 13212 | Lair:4   | Got the ring "Dubo" {Fire}
 13223 | Lair:4   | Identified the ring "Dubo" {Fire Int-2 Dex+5 SInv} (You
                  | found it on level 4 of the Lair of Beasts)
 13440 | Lair:4   | Found a staircase to the Snake Pit.
 13642 | Lair:4   | Received a gift from Trog
 13661 | Lair:4   | Found a staircase to the Swamp.
 13676 | Lair:4   | Reached XP level 13. HP: 109/109 MP: 18/18
 13720 | Lair:4   | Identified a scroll of acquirement
 15013 | Lair:6   | Entered Level 6 of the Lair of Beasts
 15234 | Lair:5   | Reached skill level 10 in Axes
 15326 | Lair:6   | Received a gift from Trog
 15330 | Lair:6   | Reached skill level 14 in Fighting
 15619 | Lair:6   | Received a gift from Trog
 15808 | Lair:6   | Reached XP level 14. HP: 22/119 MP: 20/20
 15992 | Lair:6   | Found a staircase to the Slime Pits.
 16148 | Lair:6   | Reached skill level 10 in Evocations
 16767 | D:11     | Found Besulaec's General Store.
 16789 | D:11     | Bought a scroll of enchant weapon for 105 gold pieces
 16789 | D:11     | Bought a scroll of identify for 28 gold pieces
 16791 | D:11     | Noticed Josephine
 16996 | D:11     | Killed Josephine
 17112 | D:11     | Reached skill level 15 in Fighting
 17593 | D:11     | Received a gift from Trog
 18278 | D:12     | Noticed Rupert
 18291 | D:12     | Killed Rupert
 18693 | D:12     | Found a flagged portal.
 18719 | Bailey   | Entered a bailey
 18924 | Bailey   | Received a gift from Trog
 19463 | Orc:1    | Entered Level 1 of the Orcish Mines
 19732 | Orc:1    | Found Ziat Wuh's Book Shop.
 19924 | Orc:2    | Entered Level 2 of the Orcish Mines
 19962 | Orc:2    | Received a gift from Trog
 19990 | Orc:2    | Noticed an orc warlord
 19997 | Orc:1    | Reached skill level 5 in Armour
 20050 | Orc:2    | Reached XP level 15. HP: 97/126 MP: 16/22
 20363 | Orc:2    | Noticed an orc warlord
 20381 | Orc:2    | Killed an orc warlord
 20381 | Orc:2    | Reached skill level 15 in Shields
 20473 | Orc:2    | Found a staircase to the Elven Halls.
 20587 | Orc:2    | Killed an orc warlord
 20587 | Orc:2    | Received a gift from Trog
 20596 | Orc:2    | Found Ynaotias's Antique Armour Shoppe.
 20596 | Orc:2    | Found Num Jyth's Jewellery Boutique.
 20596 | Orc:2    | Found Modynood's Weapon Boutique.
 20596 | Orc:2    | Found Cewirah's General Store.
 21098 | D:13     | Reached skill level 16 in Fighting
 21115 | D:13     | Found a frozen archway.
 21137 | IceCv    | Entered an ice cave
 21238 | IceCv    | Reached skill level 10 in Armour
 21337 | IceCv    | Found an ancient bone altar of Kikubaaqudgha.
 21437 | IceCv    | Received a gift from Trog
 21444 | IceCv    | Reached ****** piety under Trog
 21973 | D:13     | Found a gate to the Vaults.
 22069 | D:13     | Found a runed translucent gate.
 22078 | D:13     | Noticed Shaidar's ghost (journeyman HOFi)
 22078 | D:13     | Noticed shruggingcutely's ghost (journeyman SpEn)
 22079 | D:13     | Found a runed translucent gate.
 22079 | D:13     | Found a runed translucent gate.
 22090 | D:13     | Killed shruggingcutely's ghost
 22091 | D:13     | Killed Shaidar's ghost
 23113 | D:14     | Identified the +2 leather armour "Caemetta" {rElec rPois}
 23211 | D:14     | Noticed Agnes
 23219 | D:14     | Killed Agnes
 23265 | D:14     | Reached XP level 16. HP: 130/138 MP: 20/23
 23291 | D:14     | Found Umuo's Antique Weapon Shop.
 23337 | D:14     | Received a gift from Trog
 23386 | D:14     | Reached skill level 10 in Dodging
 23543 | D:15     | Entered Level 15 of the Dungeon
 23562 | D:15     | Received a gift from Trog
 23660 | D:15     | Reached skill level 17 in Fighting
 23807 | D:15     | Noticed Kirke
 23837 | D:15     | Killed Kirke
 23837 | D:15     | Reached skill level 15 in Axes
 24166 | D:15     | Found a staircase to the Depths.
 24616 | Swamp:1  | Entered Level 1 of the Swamp
 24688 | Swamp:1  | Received a gift from Trog
 24796 | Swamp:1  | Found the +3 giant club "Skullcrusher" {speed, Str+7}
 25274 | Swamp:2  | Received a gift from Trog
 25297 | Swamp:2  | Noticed a thorn hunter
 25351 | Swamp:2  | Killed a thorn hunter
 25395 | Swamp:2  | Noticed a tentacled monstrosity
 25404 | Swamp:2  | Killed a tentacled monstrosity
 25414 | Swamp:2  | Received a gift from Trog
 25417 | Swamp:2  | Got a bloodstained broad axe {god gift}
 25418 | Swamp:2  | Identified the +1 broad axe of Iconoclasm {flame, rN++
                  | Str-4} (Trog gifted it to you on level 2 of the Swamp)
 25937 | Swamp:2  | Upgraded the game from 0.24-a0-496-gbe733cd003 to
                  | 0.24-a0-498-ge00f04a389
 26335 | Swamp:3  | Reached skill level 18 in Fighting
 26411 | Swamp:3  | Noticed a thorn hunter
 26420 | Swamp:3  | Killed a thorn hunter
 26420 | Swamp:3  | Reached XP level 17. HP: 129/146 MP: 20/24
 26965 | Swamp:4  | Entered Level 4 of the Swamp
 27048 | Swamp:3  | Received a gift from Trog
 27859 | Swamp:4  | Noticed the 27-headed Lernaean hydra
 27868 | Swamp:4  | Killed the 27-headed Lernaean hydra
 27902 | Swamp:4  | Got a decaying rune of Zot
 27906 | Swamp:4  | Received a gift from Trog
 28006 | Swamp:4  | Received a gift from Trog
 28381 | Snake:1  | Entered Level 1 of the Snake Pit
 28679 | Snake:1  | Found Peawietu's Assorted Antiques.
 28726 | Snake:1  | Bought a curved brass wand for 132 gold pieces
 28938 | Snake:1  | Noticed Aizul
 28949 | Snake:1  | Killed Aizul
 29142 | Snake:1  | Found Mablezab's Gadget Emporium.
 29475 | Snake:2  | Noticed Vashnia
 29699 | Snake:2  | Killed Vashnia
 29713 | Snake:2  | Received a gift from Trog
 29715 | Snake:2  | Noticed Saint Roka
 29716 | Snake:2  | Noticed Asterion
 29827 | Snake:2  | Killed Saint Roka
 29832 | Snake:2  | Killed Asterion
 29836 | Snake:2  | Reached XP level 18. HP: 105/156 MP: 16/25
 30180 | Snake:2  | Noticed Roxanne
 30260 | Snake:2  | Reached skill level 15 in Armour
 30278 | Snake:2  | Reached skill level 19 in Fighting
 30393 | Snake:2  | Found a runed translucent door.
 30393 | Snake:2  | Noticed Piabrimm's ghost (adept OgTm)
 30448 | Snake:2  | Killed Piabrimm's ghost
 30677 | Snake:2  | Received a gift from Trog
 30872 | Snake:2  | Killed Roxanne
 30887 | Snake:2  | Got a distressingly furry cloak
 30888 | Snake:2  | Identified the cursed +0 cloak of Hamuh {rF+ MP-9 Str+5}
                  | (You found it on level 2 of the Snake Pit)
 31396 | Snake:3  | Found Bitipadd's Weapon Shop.
 31817 | Snake:4  | Entered Level 4 of the Snake Pit
 32479 | Snake:4  | Received a gift from Trog
 32527 | Snake:4  | Received a gift from Trog
 32562 | Snake:4  | Received a gift from Trog
 32570 | Snake:4  | Reached XP level 19. HP: 107/164 MP: 17/26
 32741 | Snake:4  | Reached skill level 10 in Throwing
 33072 | Snake:4  | Got a serpentine rune of Zot
 33572 | Vaults:1 | Entered Level 1 of the Vaults
 33933 | D:13     | Received a gift from Trog
 34484 | Vaults:1 | Paralysed by a wizard for 3 turns
 34585 | Vaults:1 | Found a radiant altar of Vehumet.
 34585 | Vaults:1 | Noticed a lich
 34593 | Vaults:1 | Killed a lich
 34888 | Vaults:1 | Reached skill level 20 in Fighting
 34894 | Vaults:1 | Received a gift from Trog
 35356 | Vaults:1 | Received a gift from Trog
 35779 | Vaults:2 | Found a runed translucent gate.
 35780 | Vaults:2 | Found a runed translucent gate.
 35780 | Vaults:2 | Found a runed translucent gate.
 35780 | Vaults:2 | Noticed Peloso's ghost (adept MiFi)
 36172 | Vaults:2 | Received a gift from Trog
 36227 | Vaults:2 | Reached XP level 20. HP: 174/174 MP: 6/27
 36411 | Vaults:2 | Found a staircase to the Crypt.
 36719 | Vaults:2 | You fall into a shaft and drop 2 floors!
 37211 | Vaults:4 | Received a gift from Trog
 37220 | Vaults:4 | Got a sapphire fustibalus {god gift}
 37221 | Vaults:4 | Identified the +5 fustibalus of the Old World {venom,
                  | +Blink Stlth+} (Trog gifted it to you on level 4 of the
                  | Vaults)
 37555 | Vaults:4 | Reached skill level 21 in Fighting
 37889 | Vaults:3 | Received a gift from Trog
 39263 | Vaults:2 | Identified the +6 plate armour "Feyv" {MR+ Dex+3}
 39266 | Vaults:2 | Found an iron altar of Okawaru.
 39282 | Vaults:2 | Killed Peloso's ghost
 39505 | Orc:2    | Bought a potion of heal wounds for 55 gold pieces
 39505 | Orc:2    | Bought a potion of invisibility for 88 gold pieces
 39505 | Orc:2    | Bought a scroll of teleportation for 33 gold pieces
 39505 | Orc:2    | Bought a potion of invisibility for 88 gold pieces
 39505 | Orc:2    | Bought a potion of ambrosia for 88 gold pieces
 39526 | Elf:1    | Entered Level 1 of the Elven Halls
 39660 | Elf:1    | Received a gift from Trog
 39764 | Elf:1    | Reached XP level 21. HP: 170/184 MP: 28/28
 39942 | Elf:1    | Received a gift from Trog
 40181 | Elf:1    | Found Ifruhed's Mayhem Merchandise.
 40199 | Elf:1    | Bought a wand of iceblast (11) for 285 gold pieces
 40199 | Elf:1    | Bought a wand of iceblast (12) for 304 gold pieces
 40199 | Elf:1    | Bought a wand of iceblast (6) for 190 gold pieces
 40199 | Elf:1    | Bought a wand of iceblast (3) for 133 gold pieces
 40229 | Elf:1    | Received a gift from Trog
 40240 | Elf:1    | Received a gift from Trog
 40291 | Elf:1    | Found Wilah's Gadget Shoppe.
 40295 | Elf:1    | Bought a wand of enslavement (9) for 154 gold pieces
 40295 | Elf:1    | Bought a wand of iceblast (12) for 224 gold pieces
 40295 | Elf:1    | Bought a wand of clouds (4) for 336 gold pieces
 40295 | Elf:1    | Bought a wand of iceblast (7) for 154 gold pieces
 40295 | Elf:1    | Bought a wand of disintegration (12) for 224 gold pieces
 40295 | Elf:1    | Bought a wand of clouds (4) for 336 gold pieces
 40295 | Elf:1    | Bought a lamp of fire for 560 gold pieces
 40295 | Elf:1    | Bought a wand of paralysis (9) for 154 gold pieces
 40682 | Elf:1    | Found a roughly hewn altar of Beogh.
 40991 | Elf:2    | Found Pept's Distillery.
 40999 | Elf:2    | Bought a potion of heal wounds for 85 gold pieces
 40999 | Elf:2    | Bought a potion of heal wounds for 85 gold pieces
 40999 | Elf:2    | Bought a potion of haste for 170 gold pieces
 41023 | Elf:2    | Bought a potion of might for 68 gold pieces
 41107 | Elf:2    | Found Pareal's Weapon Shop.
 41119 | Elf:2    | Found Navifue's Gadget Shoppe.
 41120 | Elf:2    | Found Kadifacs's Jewellery Shop.
 41121 | Elf:2    | Found Tyluaty's Gadget Shoppe.
 41196 | Elf:2    | Found a runed translucent gate.
 41201 | Elf:2    | Found a runed translucent gate.
 41201 | Elf:2    | Found a runed translucent gate.
 41245 | Elf:2    | Found Huoxoizu's Armour Shoppe.
 41254 | Elf:2    | Found Ygreh's Antique Armour Boutique.
 41283 | Elf:2    | Found Haj Oqus's Food Shop.
 41351 | Elf:2    | Found a portal to a secret trove of treasure.
 41538 | Elf:2    | Reached skill level 22 in Fighting
 41550 | Elf:2    | Received a gift from Trog
 41814 | Elf:2    | Received a gift from Trog
 41942 | Elf:2    | Reached skill level 15 in Dodging
 42014 | Elf:3    | Entered Level 3 of the Elven Halls
 42090 | Elf:3    | Noticed Donald
 42097 | Elf:3    | Killed Donald
 42206 | Elf:3    | Found a runed translucent door.
 42206 | Elf:3    | Noticed iamserjio's ghost (adept OpCK)
 42383 | Elf:3    | Received a gift from Trog
 42619 | Elf:3    | Received a gift from Trog
 43068 | Elf:3    | Identified the ring "Myamuvae" {+Inv rC+ rN+ Stlth+}
 43114 | Elf:3    | Reached XP level 22. HP: 195/195 MP: 9/29
 43194 | Elf:3    | Received a gift from Trog
 43233 | Elf:3    | Identified the +0 trident "Tikyesuekk" {venom, Str+5}
 43240 | Elf:3    | Identified the Compendium of Frigorific Clay
 43348 | Elf:2    | Bought a pair of spiked gloves for 323 gold pieces
 43360 | Elf:2    | Identified the +1 pair of gloves of the Duke {rPois rC+
                  | Dex+5} (You bought it in a shop on level 2 of the Elven
                  | Halls)
 43698 | Elf:3    | Got a twitching jade ring
 43706 | Elf:3    | Identified the ring "Pitz" {rF+ MR+ Stlth-} (You found it
                  | on level 3 of the Elven Halls)
 43718 | Elf:3    | Got a translucent steel ring
 43720 | Elf:3    | Identified the ring "Qiubbugg" {rC+ rCorr} (You found it on
                  | level 3 of the Elven Halls)
 43726 | Elf:3    | Got an iridescent dire flail
 43870 | Orc:2    | Identified the +3 dire flail of Growth {pain, rF+ rC+
                  | Int+9} (You found it on level 3 of the Elven Halls)
 44091 | Depths:1 | Entered Level 1 of the Depths
 44197 | Depths:1 | Reached skill level 15 in Throwing
 44402 | Depths:1 | Got a steaming golden ring
 44404 | Depths:1 | Identified the ring "Buahapni" {-Tele rF+ rC+ Str+4 Dex+3}
                  | (You found it on level 1 of the Depths)
 44651 | Depths:1 | Found a one-way gate leading to the halls of Pandemonium.
 44873 | Depths:1 | Reached skill level 23 in Fighting
 45044 | Depths:1 | Found a gateway to Hell.
 45309 | Depths:1 | Received a gift from Trog
 45853 | Depths:2 | Noticed Sojobo
 45872 | Depths:2 | Killed Sojobo
 46290 | Depths:2 | Received a gift from Trog
 46419 | Depths:2 | You fall into a shaft and drop 2 floors!
 46432 | Depths:4 | Found a one-way gate to the infinite horrors of the Abyss.
 46877 | Depths:4 | Noticed Mennas
 46899 | Depths:4 | Killed Mennas
 47578 | Depths:3 | Reached XP level 23. HP: 200/206 MP: 10/30
 47579 | Depths:3 | Received a gift from Trog
 47770 | Depths:3 | Found a runed translucent door.
 48148 | Depths:3 | Reached skill level 24 in Fighting
 48395 | Depths:3 | Noticed a caustic shrike
 48412 | Depths:3 | Killed a caustic shrike
 48453 | Depths:3 | Received a gift from Trog
 49188 | Depths:3 | Identified the cursed +1 plate armour "Roatuxi" {Str+4
                  | Int+3} (You found it on level 3 of the Depths)
 49468 | Depths:2 | Found the +12 glaive of Prune {chop}
 49900 | Depths:2 | Received a gift from Trog
 50781 | Depths:4 | Received a gift from Trog
 50787 | Depths:4 | Reached skill level 25 in Fighting
 50934 | Depths:4 | Got a twisted war axe {god gift}
 50935 | Depths:4 | Identified the +4 war axe of Misery {flame, *Contam +Rage
                  | rElec} (Trog gifted it to you on level 4 of the Depths)
 51168 | Depths:4 | Voluntarily entered the Abyss.
 51168 | Abyss:1  | Found a corrupted altar of Lugonu.
 51186 | Abyss:1  | Got a faintly glowing plate armour
 51465 | Abyss:1  | Lost intelligence.
 51640 | Abyss:1  | Found a hide-covered altar of Uskayaw.
 51647 | Abyss:1  | Reached XP level 24. HP: 218/218 MP: 30/30
 51651 | Abyss:1  | Found a hide-covered altar of Uskayaw.
 51943 | Abyss:1  | Received a gift from Trog
 51998 | Abyss:1  | Gained mutation: Your spells are a little easier to cast,
                  | but a little less powerful. [mutagenic glow]
 52053 | Abyss:1  | Received a gift from Trog
 52216 | Abyss:2  | Received a gift from Trog
 52342 | Abyss:2  | Lost intelligence.
 53045 | Abyss:3  | Found a corrupted altar of Lugonu.
 53060 | Abyss:3  | Received a gift from Trog
 53123 | Abyss:3  | Identified the +1 plate armour of Ipneariy {+Fly rF+ rC+
                  | MR+} (You found it on level 1 of the Abyss)
 53178 | Abyss:3  | Gained mutation: Your magical capacity is low. (-10% MP) [a
                  | neqoxec]
 53191 | Abyss:3  | Noticed an ancient lich
 53200 | Abyss:3  | Killed an ancient lich
 53238 | Abyss:3  | Received a gift from Trog
 53280 | Abyss:3  | Reached skill level 26 in Fighting
 53478 | Abyss:3  | Gained mutation: Your body sometimes deteriorates upon
                  | taking damage. [a neqoxec]
 53557 | Abyss:3  | Received a gift from Trog
 53574 | Abyss:3  | Gained mutation: You are occasionally teleported next to
                  | monsters. [a neqoxec]
 53768 | Abyss:3  | Received a gift from Trog
 53796 | Abyss:3  | Paralysed by you for 7 turns
 53861 | Abyss:3  | Received a gift from Trog
 53863 | Abyss:3  | Got an abyssal rune of Zot
 54157 | Depths:4 | Escaped the Abyss
 54577 | Elf:2    | You showed the abyssal rune of Zot to enter a treasure
                  | trove
 54578 | Trove    | Entered a treasure trove
 54581 | Trove    | Found the +15 Maxwell's patent armour {-Cast -Tele rElec
                  | MR+ rCorr}
 55438 | Slime:1  | Entered Level 1 of the Pits of Slime
 55746 | Slime:5  | Entered Level 5 of the Pits of Slime
 55769 | Slime:5  | Reached XP level 25. HP: 229/229 MP: 8/26
 55943 | Slime:5  | Received a gift from Trog
 56055 | Slime:5  | Noticed the Royal Jelly
 56186 | Slime:5  | Found a viscous altar of Jiyva.
 56272 | Slime:5  | Killed the Royal Jelly
 56275 | Slime:5  | HP: 10/343 [acid blob[the Royal Jelly] (29)]
 56275 | Slime:5  | HP: 1/343 [acid[the Royal Jelly] (9)]
 56276 | Slime:5  | Splashed by an acid blob's acid

Levels and vault maps discovered:
D:1:      minmay_arrival_four_circles, layout_basic
D:2:      layout_loops_corners, evilmike_ruin_ashenzari
D:3:      layout_basic, serial_rivers, chequers_serial_rivers_large_b,
          chequers_serial_rivers_large_a, chequers_serial_rivers_small_b,
          chequers_serial_rivers_room_b, chequers_serial_rivers_small_3,
          chequers_serial_rivers_micro_a
D:4:      layout_cave_pods, first_ration, uniq_blork_the_orc
D:5:      layout_gridville, kennysheep_okawaru_gauntlet, grunt_dithmenos_smoke,
          minmay_temple_entry_stoned_glass, uniq_edmund
D:6:      layout_loops_cross, nemelex_xobeh_ov_fountains_minmay,
          vehumet_altar_wand_db, makhleb_altar_promises_db, basic_altar
D:7:      lemuel_bear_cage, layout_loops_ring, uniq_joseph
D:8:      layout_gridville, nicolae_overflow_crystal_walls
D:9:      layout_cave_pods, hiddenorc1_lemuel, serial_shops,
          nicolae_shop_waterfront, special_room [special_room_bee],
          grunt_ogre_cave
D:10:     layout_roguey, erik_lair_orcish_takeover, uniq_harold, uniq_nergalle
D:11:     layout_layer_cave, serial_shops, shop_fountains, uniq_josephine
D:12:     layout_irregular_city, enter_bailey_3, minmay_diced_spiral,
          uniq_rupert
D:13:     layout_irregular_city, david_vaults_5,
          portal_ice_cave_entry_pillars_1, gammafunk_ghost_cemetery,
          grunt_ministairs_7, minmay_misc_feat_more_columns,
          hangedman_abyss_or_decor_clamps
D:14:     layout_roguey, serial_shops, shop, minmay_fountain_box, uniq_agnes
D:15:     grunt_enter_depths_snipers, layout_basic, uniq_kirke
Lair:1:   layout_misc_corridors, nicolae_volcano_entry_two_sided, st_stairs_10,
          grunt_forest_small_clearings, serial_bayou_lagoon_b,
          infiniplex_staircase_pool, uniq_fannar
Lair:2:   layout_misc_corridors, gauntlet_entry_generic,
          ebering_ghost_funeral_grove
Lair:3:   dragon1_lemuel, layout_cave_pods
Lair:4:   layout_cave_pods, swamp_mist, minmay_snake_entry_guardpost_large,
          gammafunk_ghost_icy, minmay_lair_oklob_chamber
Lair:5:   cheibrodos_magma_flow, layout_loops_ring, hibernation_bobbens
Lair:6:   minmay_lair_end_frog_pond, layout_big_grid,
          minmay_slime_entry_pillars, infiniplex_staircase_pool_2
Swamp:1:  layout_basic_swamp, nicolae_swamp_trees_clearing
Swamp:2:  layout_falls_marsh, evilmike_swamp_ruin_house_2
Swamp:3:  layout_basic_swamp, hangedman_swamp_lotus
Swamp:4:  grunt_swamp_rune_castle, layout_basic_swamp, swamp_pool3
Snake:1:  layout_grid_maze, serial_shops, nicolae_shop_behind_doors,
          nicolae_shop_trees, uniq_aizul
Snake:2:  layout_misc_corridors, gammafunk_ghost_grave,
          nrook_guardian_serpent_ordinary, uniq_vashnia, uniq_saint_roka,
          uniq_asterion, uniq_roxanne
Snake:3:  layout_rooms, serial_shops,
          nicolae_shop_temple_entry_statues_fountains, grunt_megastairs_3
Snake:4:  johnstein_snake_rune_scales, layout_cave_town, st_stairs_12,
          abandoned_shop, statue_in_the_mist_lemuel, serial_bayou_pond_d
Slime:1:  layout_caves, cheibrodos_slime_lost_civilization_6
Slime:2:  layout_caves
Slime:3:  layout_caves
Slime:4:  layout_caves
Slime:5
Orc:1:    layout_caves, serial_shops, nicolae_shop_behind_doors
Orc:2:    st_orc_ogre_mass, layout_caves, sword_in_stone
Elf:1:    eino_elf_arrival_the_gate, layout_loops_ring, special_room
          [special_room_orc], serial_shops, shop_statue,
          minmay_elf_annihilation, minmay_shop_mayhem
Elf:2:    layout_geoelf_grid, enter_trove_3, serial_shops,
          nicolae_shop_waterfront, nicolae_shop_competitors_out_of_business,
          shop, nicolae_shop_crystal, shop_fountains, minmay_shop_grove
Elf:3:    elf_hall, layout_loops_cross, ebering_ghost_inner_flame, uniq_donald
Vaults:1: grunt_tower_of_power, v_misc_16, nicolae_vaults_little_squares_4,
          nicolae_vaults_asterisk, hangedman_vaults_stitches, vaults_room_fours,
          nicolae_vaults_alarming, nicolae_vaults_twisting_passages,
          v_pattern_2, hangedman_vaults_impose, nicolae_vaults_little_squares_4,
          layout_vaults_ring
Vaults:2: gammafunk_vaults_ghost_fury_of_okawaru,
          minmay_crypt_entry_simple_plaza, v_alt_pattern_3, v_misc_17,
          hangedman_vaults_trim, hangedman_vaults_cutoff, v_misc_12,
          nicolae_vaults_network_barrier, nicolae_vaults_angled_halls,
          grunt_vaults_focal, nicolae_vaults_circle_grid_a,
          hangedman_vaults_trim, v_misc_12, ontoclasm_vaults_twist,
          vaults_room_pool, vaults_mumra_chevron, layout_vaults_omnibox
Vaults:3: nicolae_vaults_network_star, hangedman_vaults_pinch, v_misc_30,
          nicolae_vaults_what_the_h, v_pattern_1, v_alt_pattern_3,
          vaults_standard_mumra_lines, v_misc_16,
          nicolae_vaults_little_squares_6, vaults_room_hallway,
          ontoclasm_vaults_shuriken, layout_vaults_omnicross
Vaults:4: nicolae_vaults_stairing_the_circle, v_rooms_2,
          nicolae_vaults_display_case, v_misc_24, v_misc_27, v_misc_30,
          ontoclasm_vaults_claustrophobia, nicolae_vaults_three_branches,
          grunt_vaults_swirl, nicolae_vaults_little_squares_4,
          ontoclasm_vaults_gateway, nicolae_vaults_angled_halls,
          ontoclasm_vaults_ring_small, layout_vaults_maze_bifur
Depths:1: layout_twisted_cross, rand_demon_pan_entry_9,
          chequers_serial_rivers_small_a, hell_entry, hangedman_decor_opposing,
          minmay_starry_boxes, serial_bayou_shore_a
Depths:2: gold_lair_mu, layout_gridlike, serial_corexii_hall,
          corexii_hall_statues_i, chequers_hall_statues_y,
          chequers_hall_statues_corner_a, corexii_hall_statues_i,
          corexii_hall_statues_s, chequers_hall_statues_y,
          grunt_pan_entry_zigzag, hell_entry, drop_trap, uniq_sojobo
Depths:3: box_level_dp, hell_entry, pan_entry
Depths:4: grunt_house_of_mirrors, layout_basic, hell_entry, pan_entry,
          kennysheep_cluttered_room, hangedman_abyss_entry_splay,
          minmay_staircase_windowed_large, uniq_mennas

Skill      XL: |  1  2  3  4  5  6  7  8  9 10 11 12 13 14 15 16 17 18 19 20 21 22 23 24 |
---------------+-------------------------------------------------------------------------+-----
Axes           | 4 5 6 9 11 12 14 17 18 | 18.2
Fighting       | 4 5 6 7 9 10 11 13 14 15 16 18 19 20 21 22 23 25 26 | 26.7
Armour         | 3 5 10 11 14 16 18 20 | 20.4
Dodging        | 3 4 5 6 7 9 10 11 12 13 14 15 17 18 | 18.4
Throwing       | 1 2 3 4 5 8 9 11 13 14 15 | 15.9
Maces & Flails | 1 3 5 7 9 10 | 10.2
Shields        | 2 5 7 9 11 13 14 15 17 18 20 22 23 | 23.8
Evocations     | 2 4 6 8 9 10 | 10.7
Slings         | |  0.2

Action                   |  1- 3 |  4- 6 |  7- 9 | 10-12 | 13-15 | 16-18 | 19-21 | 22-24 | 25-27 || total
-------------------------+-------+-------+-------+-------+-------+-------+-------+-------+-------++-------
Melee: Hand axe          |    76 |    90 |       |       |       |       |       |       |       ||   166
       Headbutt          |    11 |    23 |    77 |   172 |   296 |   383 |   384 |   683 |    45 ||  2074
       Flail             |       |    11 |   160 |    57 |       |       |       |       |       ||   228
       Dire flail        |       |       |   113 |   120 |       |       |       |       |       ||   233
       Great mace        |       |       |       |   160 |       |       |       |       |       ||   160
       Broad axe         |       |       |       |   207 |   941 |  1060 |  1313 |  1498 |   109 ||  5128
       War axe           |       |       |       |       |       |       |       |   170 |       ||   170
 Fire: Hunting sling     |       |       |    28 |    27 |    66 |       |       |       |       ||   121
Throw: Stone             |       |     2 |    35 |    13 |       |       |       |       |       ||    50
       Dart              |       |       |     1 |       |       |       |       |       |       ||     1
       Javelin           |       |       |     2 |       |       |    21 |    52 |   113 |       ||   188
       Boomerang         |       |       |       |     7 |    57 |    83 |       |       |       ||   147
       Throwing net      |       |       |       |       |       |       |     2 |       |       ||     2
Invok: Berserk           |     1 |     2 |     3 |     2 |     4 |     3 |       |     1 |       ||    16
       Trog's Hand       |       |       |     1 |     2 |     4 |     3 |     8 |     5 |       ||    23
       Brothers in Arms  |       |       |     1 |    12 |     6 |    14 |     6 |    19 |     2 ||    60
 Abil: Evoke Blink       |       |       |       |       |       |       |     1 |       |       ||     1
       Evoke Invisibilit |       |       |       |       |       |       |       |       |     1 ||     1
Evoke: Wand              |       |       |       |     5 |    39 |    38 |     7 |    10 |       ||    99
       Box of beasts     |       |       |       |       |       |     2 |       |     2 |     1 ||     5
       Phantom mirror    |       |       |       |       |       |     1 |       |       |       ||     1
       Lamp of fire      |       |       |       |       |       |       |     1 |     7 |       ||     8
       Phial of floods   |       |       |       |       |       |       |       |     1 |       ||     1
  Use: Scroll            |       |     4 |     5 |    10 |    20 |     8 |     5 |    13 |     1 ||    66
       Potion            |       |       |       |     2 |       |     4 |     1 |     5 |     2 ||    14
 Stab: Petrifying        |       |       |       |     1 |       |       |       |       |       ||     1
       Paralysed         |       |       |       |     2 |       |       |     5 |     4 |       ||    11
       Distracted        |       |       |       |       |     2 |     1 |     3 |     3 |       ||     9
       Confused          |       |       |       |       |       |     1 |       |     1 |       ||     2
       Invisible         |       |       |       |       |       |       |       |     3 |       ||     3
  Eat: Chunk             |     1 |     7 |    15 |    22 |    32 |    27 |    36 |    25 |       ||   165
       Ration            |     1 |       |       |     2 |     2 |     4 |     2 |     8 |       ||    19
Armor: Animal skin       |    13 |       |       |       |       |       |       |       |       ||    13
       Ring mail         |     1 |       |       |       |       |       |       |       |       ||     1
       Scale mail        |       |    41 |    47 |       |       |       |       |       |       ||    88
       Plate armour      |       |       |    90 |   292 |   259 |   267 |   159 |   247 |    22 ||  1336
       Skin              |       |       |       |     4 |       |       |       |       |     6 ||    10
       Storm dragon scal |       |       |       |       |       |       |    22 |       |       ||    22
Dodge: Dodged            |    40 |    65 |   133 |   244 |   255 |   330 |   296 |   479 |    15 ||  1857
Block: Shield            |       |       |       |   141 |   924 |   946 |   891 |  1345 |       ||  4247
       Reflection        |       |       |       |       |    84 |   106 |   113 |    67 |    10 ||   380
       Large shield      |       |       |       |       |       |       |       |    72 |    81 ||   153

Table legend:
 A = Non-vault XP
 B = Vault XP
 C = Vault XP percentage of total XP
 D = Non-vault monster count
 E = Vault monster count
 F = Vault count percentage of total count
                 A         B        C        D         E       F
            +---------+---------+-------+---------+---------+-------
      Total |  649197 |  533600 |  45.1 |    1640 |     839 |  33.8
            +---------+---------+-------+---------+---------+-------
        D:1 |      30 |       0 |   0.0 |      16 |       0 |   0.0
        D:2 |      60 |       0 |   0.0 |      15 |       0 |   0.0
        D:3 |      81 |       0 |   0.0 |      23 |       0 |   0.0
        D:4 |     625 |      94 |  13.1 |      26 |       1 |   3.7
        D:5 |     859 |     174 |  16.8 |      28 |       3 |   9.7
        D:6 |     908 |       2 |   0.2 |      20 |       1 |   4.8
        D:7 |     604 |     466 |  43.6 |      14 |       1 |   6.7
        D:8 |     980 |       0 |   0.0 |      32 |       0 |   0.0
        D:9 |    2807 |    2091 |  42.7 |      25 |      43 |  63.2
       D:10 |    3074 |    2080 |  40.4 |      34 |      11 |  24.4
       D:11 |    7148 |    1684 |  19.1 |      28 |       4 |  12.5
       D:12 |    5023 |    3067 |  37.9 |      32 |       9 |  22.0
       D:13 |   11008 |   12329 |  52.8 |      40 |      19 |  32.2
       D:14 |   11087 |    1179 |   9.6 |      42 |       1 |   2.3
       D:15 |   12534 |    5423 |  30.2 |      32 |       9 |  22.0
     Lair:1 |    6198 |    1029 |  14.2 |      28 |       2 |   6.7
     Lair:2 |    5077 |       0 |   0.0 |      19 |       0 |   0.0
     Lair:3 |    2965 |     675 |  18.5 |      14 |       1 |   6.7
     Lair:4 |    2872 |    4850 |  62.8 |      13 |      24 |  64.9
     Lair:5 |    9071 |    2534 |  21.8 |      33 |      12 |  26.7
     Lair:6 |   14733 |   10808 |  42.3 |      40 |      44 |  52.4
    Swamp:1 |   13741 |       0 |   0.0 |      31 |       0 |   0.0
    Swamp:2 |   20822 |       0 |   0.0 |      49 |       0 |   0.0
    Swamp:3 |   19841 |    1390 |   6.5 |      48 |       2 |   4.0
    Swamp:4 |   17640 |   17236 |  49.4 |      37 |      31 |  45.6
    Snake:1 |    7077 |    1595 |  18.4 |      16 |       1 |   5.9
    Snake:2 |   28432 |   16504 |  36.7 |      50 |      22 |  30.6
    Snake:3 |   12833 |    4900 |  27.6 |      24 |       6 |  20.0
    Snake:4 |   20533 |   37282 |  64.5 |      32 |      69 |  68.3
    Slime:1 |    9403 |       0 |   0.0 |      21 |       0 |   0.0
    Slime:2 |     118 |       0 |   0.0 |       1 |       0 |   0.0
    Slime:4 |    5992 |       0 |   0.0 |      11 |       0 |   0.0
    Slime:5 |    8651 |   30392 |  77.8 |      26 |      12 |  31.6
      Orc:1 |    2069 |    2747 |  57.0 |      47 |       3 |   6.0
      Orc:2 |    7814 |   14308 |  64.7 |      57 |      37 |  39.4
      Elf:1 |   23724 |   12274 |  34.1 |      32 |      30 |  48.4
      Elf:2 |   14389 |   23866 |  62.4 |      21 |      32 |  60.4
      Elf:3 |   15859 |   47033 |  74.8 |      28 |      35 |  55.6
   Vaults:1 |   13760 |   17520 |  56.0 |      45 |      22 |  32.8
   Vaults:2 |   40668 |   19889 |  32.8 |      63 |      28 |  30.8
   Vaults:3 |    6487 |   20218 |  75.7 |      11 |      33 |  75.0
   Vaults:4 |   20330 |   30563 |  60.1 |      46 |      53 |  53.5
   Depths:1 |   43261 |    6776 |  13.5 |      51 |      11 |  17.7
   Depths:2 |   39174 |   32390 |  45.3 |      48 |      33 |  40.7
   Depths:3 |   19523 |   65313 |  77.0 |      39 |      66 |  62.9
   Depths:4 |    8711 |   46309 |  84.2 |      15 |      20 |  57.1
    Abyss:1 |   36796 |    2380 |   6.1 |      71 |       1 |   1.4
    Abyss:2 |   37902 |       0 |   0.0 |      66 |       0 |   0.0
    Abyss:3 |   55903 |   23791 |  29.9 |     100 |      22 |  18.0
     Bailey |       0 |    2371 | 100.0 |       0 |      25 | 100.0
      IceCv |       0 |    6515 | 100.0 |       0 |      54 | 100.0
   Gauntlet |       0 |    1553 | 100.0 |       0 |       6 | 100.0
            +---------+---------+-------+---------+---------+-------
